 Dungeon Crawl Stone Soup version 0.18-a0-1784-ga939a68 (webtiles) character file.

353 Murumi the Vandal (level 6, -1/47 HPs)
             Began as a Formicid Fighter on Apr 18, 2016.
             Shot with an arrow by a centaur (8 damage)
             ... on level 3 of the Dungeon.
             The game lasted 00:16:03 (2043 turns).

Murumi the Vandal (Formicid Fighter)                Turns: 2043, Time: 00:16:04

Health: -1/47      AC: 10    Str: 28    XL:     6   Next: 94%
Magic:  6/6        EV:  7    Int:  7    God:
Gold:   142        SH: 11    Dex: 10    Spells: 0 memorised, 5 levels left

rFire  . . .     SeeInvis +     e - +0 long sword
rCold  . . .     Gourm    .     r - +0 chain mail
rNeg   . . .     Faith    .     c - +1 shield
rPois  .         Spirit   .     (helmet unavailable)
rElec  .         Dismiss  .     m - +0 cloak
rCorr  +         Reflect  .     (no gloves)
SustAt .         Harm     .     (no boots)
MR     .....                    (no amulet)
Stlth  ..........               (no ring)
                                b - ring of resist corrosion

@: mighty, not resistant to hostile enchantments, extremely unstealthy
A: permanent stasis, dig shafts and tunnels, four strong arms, antennae 3
a: Dig, Shaft Self


You were on level 3 of the Dungeon.
You were not hungry.

You visited 1 branch of the dungeon, and saw 3 of its levels.

You collected 142 gold pieces.

Inventory:

Hand Weapons
 e - a +0 long sword (weapon)
 f - a +0 hunting sling
Missiles
 h - 83 stones (quivered)
 l - 16 sling bullets
Armour
 c - a +1 shield (worn)
 m - a +0 cloak (worn)
 r - a +0 chain mail (worn)
Jewellery
 b - a ring of resist corrosion (left hand)
Wands
 q - a wand of teleportation (4/9)
Scrolls
 i - a scroll of remove curse
 n - 2 scrolls of magic mapping
Potions
 a - a potion of brilliance
Comestibles
 g - 3 bread rations
 k - a chunk of flesh
 o - a meat ration
 p - a slice of pizza


   Skills:
 - Level 3.2 Fighting
 - Level 3.0 Long Blades
 - Level 5.7 Slings
 - Level 3.2 Armour
 + Level 5.0 Shields


You had 5 spell levels left.
You didn't know any spells.

Dungeon Overview and Level Annotations

Branches:
Dungeon (3/15)

Altars:
Ashenzari
The Shining One

Annotations:
D:3 Murumi's ghost, amateur FoFi


Innate Abilities, Weirdness & Mutations

You are under a permanent stasis effect.
You can dig through walls and to a lower floor.
Your four strong arms can wield two-handed weapons with a shield.
You have a pair of large antennae on your head (SInv).


Message History

You hit Murumi's ghost but do no damage.
Murumi's ghost is lightly damaged.
Murumi's ghost hits you!
* * * LOW HITPOINT WARNING * * *
Murumi's ghost hits you!
* * * LOW HITPOINT WARNING * * *
Drink which item? (? for menu, Esc to quit)
Okay, then.
Some of the chunks of flesh in your inventory have rotted away.
Murumi's ghost says very slowly, "There's no hope."
Murumi's ghost whispers, "There is no future for you."
The centaur shoots an arrow.
The arrow barely misses you.
You see here an arrow.
You see here a ring mail.
Some of the chunks of flesh in your inventory have rotted away.
The centaur shoots an arrow.
You block the arrow.
You see here an arrow.
Murumi's ghost says, "You can hit me, but you can't hurt me."
The centaur shoots an arrow.
The arrow hits you!
You die...

#.##..... #.# #)...#
#.# ##..### #.# #
#..## #.# .# #...#
###.###..# .# #.#.# #
#.......# #.# #.#.#
#.####....#### #.#
##.#.# #...)....c.#
#.# ...#.#
#####.@.W#.# #.# #
...#.# ###..##.#c##
#.# # ...#.#
#...###.#..#######.###
<..#.## #.###
#.##......(...##
..<#..######.#
#.##########..[.
#............# #.#
#.##. #...........##
#.# #..##
#..........### ..#
####.## #.............
.## # #......


You could see a centaur and Murumi's ghost.

Vanquished Creatures
  Grinder (D:3)
  Jessica (D:3)
  Ijyb (D:2)
  6 adders
  2 oozes (D:1)
  A worm (D:2)
  4 dart slugs
  A giant gecko (D:2)
  An orc (D:3)
  A ball python (D:1)
  8 bats
  3 giant cockroaches
  4 goblins
  4 hobgoblins
  A quokka (D:2)
  3 giant newts
  8 kobolds
  9 rats
59 creatures vanquished.

Notes
Turn   | Place    | Note
--------------------------------------------------------------
     0 | D:1      | Murumi the Formicid Fighter began the quest for the Orb.
     0 | D:1      | Reached XP level 1. HP: 18/18 MP: 1/1
   108 | D:1      | Reached XP level 2. HP: 24/24 MP: 2/2
   170 | D:1      | Found a shattered altar of Ashenzari.
   453 | D:1      | Reached skill level 1 in Slings
   453 | D:1      | Reached XP level 3. HP: 24/29 MP: 3/3
   937 | D:2      | Reached XP level 4. HP: 24/35 MP: 4/4
  1327 | D:2      | Noticed Ijyb
  1343 | D:2      | Killed Ijyb
  1379 | D:2      | Reached XP level 5. HP: 31/41 MP: 5/5
  1414 | D:2      | Found a glowing golden altar of the Shining One.
  1586 | D:3      | Noticed Grinder
  1675 | D:3      | Killed Grinder
  1675 | D:3      | Reached skill level 5 in Slings
  1675 | D:3      | Reached XP level 6. HP: 33/47 MP: 6/6
  1768 | D:3      | Noticed Jessica
  1782 | D:3      | Killed Jessica
  1801 | D:3      | Reached skill level 5 in Shields
  1989 | D:3      | Noticed Murumi's ghost (amateur FoFi)
  2003 | D:3      | HP: 1/47 [Murumi's ghost (7)]
  2043 | D:3      | Shot with an arrow by a centaur

Vault maps used:
D:1:      kennysheep_arrival_forest, hangedman_decor_clover_reticule,
          st_stairs_5, corexii_leaking_fountain, minivault_25,
          minmay_stone_trees_medium, nicolae_ashenzari_panopticon
D:2:      nicolae_tso_carved_into_rock, first_bread, uniq_iyjb
D:3:      uniq_grinder, uniq_robin, uniq_jessica

Skill      XL: |  1  2  3  4  5  6 |
---------------+-------------------+-----
Shields        | 4 5 |  5.0
Slings         | 1 2 3 5 |  5.7
Long Blades    | 3 |  3.0
Fighting       | |  3.2
Armour         | |  3.2

Action                   |  1- 3 |  4- 6 || total
-------------------------+-------+-------++-------
Melee: Long sword        |    81 |    84 ||   165
 Fire: Hunting sling     |    36 |    73 ||   109
  Use: Scroll            |     5 |     4 ||     9
       Potion            |     1 |     2 ||     3
  Eat: Chunk             |       |     4 ||     4
Armor: Scale mail        |    39 |    23 ||    62
       Chain mail        |       |     3 ||     3
Dodge: Dodged            |    28 |    22 ||    50
Block: Shield            |    53 |    49 ||   102
